 Dungeon Crawl Stone Soup version 0.30-a0-135-g630cfc4551 (webtiles) character file.

Game seed: 9239250925072634158

44 kae the Gusty (level 3, -2/19 HPs)
             Began as a Deep Elf Air Elementalist on Sept 20, 2022.
             Slain by a gnoll
             ... wielding a +0 whip
              (6 damage)
             ... on level 1 of the Dungeon.
             The game lasted 00:01:44 (2256 turns).

kae the Gusty (Deep Elf Air Elementalist)           Turns: 2256, Time: 00:01:45

Health: -2/19      AC:  2    Str:  5    XL:     3   Next: 41%
Magic:  4/10       EV: 12    Int: 21    God:
Gold:   41         SH:  0    Dex: 15    Spells: 6/9 levels left

rFire   + . .      SeeInvis .    e - +3 dagger (elec)
rCold   + . .      Faith    .    (no shield)
rNeg    . . .      Spirit   .    a - +0 robe
rPois   .          Reflect  .    (no helmet)
rElec   .          Harm     .    k - scarf {rC+ rF+}
rCorr   .          Rampage  .    (no gloves)
Will    .....                    (no boots)
Stlth   ++........               (no amulet)
HPRegen 0.06/turn                (no ring)
MPRegen 0.12/turn                (no ring)

@: very slightly contaminated
A: no striking features
a: no special abilities


You were on level 1 of the Dungeon.
You visited 1 branch of the dungeon, and saw 2 of its levels.

You collected 41 gold pieces.


   Skills:
 - Level 2.4 Dodging
 - Level 2.4 Stealth
 + Level 3.5 Spellcasting
 * Level 2.4 Conjurations
 * Level 3.6 Air Magic


You had 6 spell levels left.
You knew the following spells:

 Your Spells              Type           Power      Damage    Failure   Level
a - Shock                 Conj/Air       64%        1d7       3%          1
b - Static Discharge      Conj/Air       32%        2-4/arc   5%          2

Your spell library contained the following spells:

 Spells                   Type           Power      Damage    Failure   Level
 Swiftness                Air            19%        N/A       9%          3
 Beastly Appendage        Tmut           6%         N/A       13%         1
 Wereblood                Tmut           3%         N/A       19%         2
 Airstrike                Air            9%         2d(2-18)  28%         4
 Spider Form              Tmut/Pois      3%         N/A       36%         3

Inventory:

Hand Weapons
 e - a +3 dagger of electrocution (weapon)
   (You took it off a goblin on level 1 of the Dungeon)
Missiles
 c - a throwing net {=f!f}
 d - 26 stones
 j - 7 boomerangs
Armour
 a - a +0 robe (worn)
 k - a scarf of resistance (worn)
   (You found it on level 1 of the Dungeon)
Jewellery
 F - a ring of protection from fire
   (You found it on level 2 of the Dungeon)
Scrolls
 f - a scroll of immolation {!r!r}
 h - a scroll of noise {unknown}
Potions
 b - a potion of magic
 g - a potion of resistance {unknown}
 i - a potion of lignification {unknown}

Dungeon Overview and Level Annotations

Branches:
Dungeon (2/15) Zot: 9742

Altars:

#.##.###.....# #.# #.# #
#............###.## #.# ##
####.###.##>.##.).###.# ##.
###.....[..............# ##.#
.....#.##..#.###...##### ####.##
#.##.##.#..#.# ##.## #....#
#.##.........# #.# #.##.##
#.#####.#..#.####†# #.###.#
##.###.##..#....@.#########.####.
...........#####.g.............##
.#########.# ##.#########.##.##
.# #.# #.# #.##.## ## #.# #.####
#.##.## #.# #....# #>##... #.#
####.### #.##### #.# #.#.####.##
# #.#########..#.##.#.####


You could see a gnoll.


Message History

😎 MP[+4]
Your mp is fully restored (10).
There are monsters nearby!
Casting: Shock (safe; 3% risk of failure)
Confirm with . or Enter, or press ? or * to list all spells.
You can't see any susceptible monsters within range! (Use Z to cast anyway.)
There are monsters nearby!
You aren't carrying any items that you can evoke.
Unknown command.
Okay, then.
There is an open door here.
You see here a +0 short sword.
You see here a +0 club.
The gnoll hits you with a +0 spear. 😮 HP[-5]
You take 5 damage, and now have 14/19 hp.
MASSIVE DAMAGE!! (PAUSE)
The gnoll misses you. 😕 HP[+1]
A ball python comes into view.
The ball python hisses angrily.
The ball python moves out of view.
Found a stone staircase leading up.
The ball python closely misses you. The ball python barely misses you.
The ball python bites you. The ball python grabs you.
The ball python constricts you. 😮 HP[-3]
You take 3 damage, and now have 12/19 hp.
You escape the ball python's grasp.
Found a stone staircase leading down.
The ball python attacks as you move away!
The ball python misses you. x2 😮 HP[+1]
The ball python attacks as you move away!
The ball python barely misses you. x4
There is a stone staircase leading up here.
The ball python barely misses you. The ball python misses you.
The gnoll closely misses you.
You climb upwards.
There is a stone staircase leading down here.
You can't go up here!
Casting: Shock (safe; 3% risk of failure)
Confirm with . or Enter, or press ? or * to list all spells.
The ball python is struck by an arc of lightning.
You are struck by an arc of lightning.
The ball python is struck by an arc of lightning.
You kill the ball python!
The lightning grounds out. 😮 HP[-2] MP[-2]
You take 2 damage, and now have 11/19 hp.
You lost 2 mp, and now have 8/10 mp.
Casting: Static Discharge (safe; 5% risk of failure)
Confirm with . or Enter, or press ? or * to list all spells.
You can't see any susceptible monsters within range! (Use Z to cast anyway.) Unknown command.
Casting: Static Discharge (safe; 5% risk of failure)
Confirm with . or Enter, or press ? or * to list all spells.
You can't see any susceptible monsters within range! (Use Z to cast anyway.)
You start resting. 😮 HP[+1] MP[+2]
Your mp is fully restored (10).
You start resting. 😕 HP[+4]
You regained 4 hp, and now have 16/19 hp.
You start resting. 😎 HP[+3]
Your hp is fully restored (19).
You climb downwards.
The gnoll hits you with a +0 whip.
The gnoll hits you from afar with a +0 spear.
There is a stone staircase leading up here. 😮 HP[-6]
You take 6 damage, and now have 13/19 hp.
MASSIVE DAMAGE!! (PAUSE)
The gnoll barely misses you. The gnoll closely misses you.
You climb upwards.
There is a stone staircase leading down here.
Casting: Static Discharge (safe; 5% risk of failure)
Confirm with . or Enter, or press ? or * to list all spells.
You miscast Static Discharge.
You are very lightly contaminated with residual magic.
Nothing appears to happen.
The gnoll barely misses you. 😮 MP[-2]
You lost 2 mp, and now have 8/10 mp.
Casting: Static Discharge (safe; 5% risk of failure)
Confirm with . or Enter, or press ? or * to list all spells.
The gnoll is struck by an arc of lightning.
You are struck by an arc of lightning.
The gnoll is struck by an arc of lightning.
The lightning grounds out.
The gnoll hits you with a +0 whip!
* * * LOW HITPOINT WARNING * * *
The gnoll closely misses you. 😱 HP[-9] MP[-2]
You take 9 damage, and now have 4/19 hp.
MASSIVE DAMAGE!! (PAUSE)
You lost 2 mp, and now have 6/10 mp.
Casting: Static Discharge (safe; 5% risk of failure)
Confirm with . or Enter, or press ? or * to list all spells.
You miscast Static Discharge.
Nothing appears to happen.
The gnoll hits you with a +0 whip.
You die...

Skill      XL: |  1  2 |
---------------+-------+-----
Conjurations   | 2 |  2.4
Dodging        | |  2.4
Stealth        | |  2.4
Spellcasting   | |  3.5
Air Magic      | |  3.6

Action                   || total
-------------------------++-------
Melee: Dagger            ||    12
 Cast: Shock             ||    50
       Static Discharge  ||     7
  Use: Scroll            ||     4
 Stab: Sleeping          ||     3
Armor: Robe              ||     4
Dodge: Dodged            ||    31

Levels and vault maps discovered:
D:1:      elethiomel_arrival_infinity_welcomes_careful_drivers,
          layout_loops_ring, shapermc_ecumenical_altar_flowoftime,
          kennysheep_minor_cross
D:2:      layout_loops_corners, grunt_decor_junction,
          kennysheep_generic_room_10, uniq_crazy_yiuf_cottage

Notes
Turn   | Place    | Note
-------+----------+-------------------------------------------
     0 | D:1      | kae the Deep Elf Air Elementalist began the quest for the
                  | Orb.
     0 | D:1      | Reached XP level 1. HP: 10/10 MP: 6/6
     0 | D:1      | magus.rc [v1.11.3]
   136 | D:1      | You pick up a book of Changes and begin reading...
   136 | D:1      | You add the spells Beastly Appendage, Wereblood and Spider
                  | Form to your library.
   354 | D:1      | Reached XP level 2. HP: 12/15 MP: 0/8
   437 | D:1      | Learned a level 2 spell: Static Discharge
  1108 | D:1      | Found a faded altar of an unknown god.
  1379 | D:2      | Reached skill level 2 in Conjurations
  1619 | D:2      | Reached XP level 3. HP: 19/19 MP: 3/9
  2254 | D:1      | HP: 4/19 [gnoll/+0 whip (7)]
  2256 | D:1      | Slain by a gnoll

Vanquished Creatures
  An adder (D:2)
  A dart slug (D:2)
  2 ball pythons (D:1)
  5 endoplasms
  4 goblins
  5 hobgoblins
  3 jackals (D:1)
  5 kobolds
  3 rats
29 creatures vanquished.

Table legend:
 A = Non-vault XP
 B = Vault XP
 C = Vault XP percentage of total XP
 D = Non-vault monster count
 E = Vault monster count
 F = Vault count percentage of total count
                 A         B        C        D         E       F
            +---------+---------+-------+---------+---------+-------
      Total |      62 |       2 |   3.1 |      28 |       1 |   3.4
            +---------+---------+-------+---------+---------+-------
        D:1 |      27 |       0 |   0.0 |      15 |       0 |   0.0
        D:2 |      35 |       2 |   5.4 |      13 |       1 |   7.1
            +---------+---------+-------+---------+---------+-------

Illustrated notes

Table legend:
 A = Kills in this place as a percentage of kills in entire the game.
 B = Kills by you in this place as a percentage of kills by you in the entire game.
 C = Kills by friends in this place as a percentage of kills by friends in the entire game.
 D = Other kills in this place as a percentage of other kills in the entire game.
 E = Experience gained in this place as a percentage of experience gained in the entire game.
 F = Experience gained in this place divided by the number of levels of this place that you have seen.
                   A       B       C       D       E      F
               +-------+-------+-------+-------+-------+----------------------
         Total | 100.0 | 100.0 |   N/A |   N/A | 100.0 |  32.0
       Dungeon | 100.0 | 100.0 |   N/A |   N/A | 100.0 |  32.0
               +-------+-------+-------+-------+-------+----------------------

Table legend: (Time is in decaauts)
 A = Elapsed time spent in this place.
 B = Non-inter-level travel time spent in this place.
 C = Inter-level travel time spent in this place.
 D = Time resting spent in this place.
 E = Time spent auto-exploring this place.
 F = Levels seen in this place.
 G = Mean time per level.
                   A        B        C        D        E       F      G
               +--------+--------+--------+--------+--------+-----+--------+
         Total |   2256 |   2191 |     65 |    170 |   1788 |   2 | 1128.0 |
       Dungeon |   2256 |   2191 |     65 |    170 |   1788 |   2 | 1128.0 |
               +--------+--------+--------+--------+--------+-----+--------+

Top non-repeatable levels by time:
     D:1: 1504 daAuts
     D:2: 752 daAuts
